 Dungeon Crawl Stone Soup version 0.21-a0-498-g1b60429 (webtiles) character file.

6848 zero the Covert (level 10, -12/52 (53) HPs)
             Began as a Spriggan Enchanter on Nov 24, 2017.
             Was a Priest of Vehumet.
             Killed from afar by a gargoyle (25 damage)
             ... with a stone arrow
             ... on level 10 of the Dungeon.
             The game lasted 00:57:15 (15470 turns).

zero the Covert (Spriggan Enchanter)               Turns: 15470, Time: 00:57:16

HP:   -12/52 (53)   AC:  5    Str:  4    XL:     10   Next: 78%
MP:   6/23          EV: 24    Int: 21    God:    Vehumet [***...]
Gold: 310           SH:  2    Dex: 16    Spells: 1/25 levels left

rFire    . . .     SeeInvis +   D - staff of air
rCold    . . .     Gourm    .   (shield currently unavailable)
rNeg     . . .     Faith    .   H - +2 robe {Archmagi}
rPois    .         Spirit   .   g - +0 hat
rElec    +         Reflect  +   s - +0 cloak
rCorr    .         Harm     .   (gloves unavailable)
MR       +....                  (boots unavailable)
Stlth    ++++......             C - +2 amulet of reflection
HPRegen  0.17/turn              r - ring of flight
MPRegen  0.18/turn              (no ring)

@: very quick
A: very small, unfitting armour, see invisible, herbivore 3, speed 3, slow
metabolism 2
a: Renounce Religion, Evoke Flight


You were on level 10 of the Dungeon.
You worshipped Vehumet.
Vehumet was most pleased with you.
You were not hungry.

You visited 2 branches of the dungeon, and saw 11 of its levels.

You collected 572 gold pieces.
You spent 262 gold pieces at shops.

Inventory:

Hand Weapons
 b - a +0 blowgun
 q - a +3 dagger of venom
 M - the +1 dagger of Layphoza {antimagic, Dex+5}
   (You found it on level 9 of the Dungeon)

   It reduces the magical energy of the wielder, and disrupts the spells and
   magical abilities of those hit.
   Natural abilities and divine invocations are not affected.
   It affects your dexterity (+5).
Missiles
 h - 7 needles of sleeping
 y - 18 poisoned needles
 F - 2 throwing nets (quivered)
 G - 142 stones
Armour
 g - a +0 hat (worn)
 s - a +0 cloak (worn)
 H - a +2 robe of the Archmagi (worn)
 K - a +1 buckler of reflection
Magical Staves
 D - an uncursed staff of air (weapon)
 E - an uncursed staff of cold
Jewellery
 r - a ring of flight (left hand)
 C - a +2 amulet of reflection (around neck)
 J - the ring "Gaizoqiuq" {rPois Str+2 Int-3 Dex+7}
   (You found it on level 9 of the Dungeon)

   [ring of poison resistance]

   It affects your strength (+2).
   It affects your intelligence (-3).
   It affects your dexterity (+7).
   It protects you from poison.
Wands
 v - a wand of iceblast (16)
 x - a wand of acid (10)
 A - a wand of paralysis (6)
 B - a wand of flame (32)
 P - a wand of scattershot (4)
Scrolls
 e - 4 scrolls of teleportation
 f - 2 scrolls of fog
 j - a scroll of immolation
 l - 3 scrolls of remove curse
 m - 2 scrolls of identify
 n - a scroll of magic mapping
 p - 3 scrolls of enchant weapon
 N - a scroll of blinking
Potions
 a - a potion of ambrosia
 i - 4 potions of curing
 o - 2 potions of brilliance
 t - 4 potions of lignification
 u - a potion of heal wounds
 w - a potion of magic
 z - 4 potions of agility
 I - 2 potions of might
Books
 c - a book of Maledictions

   Spells                             Type                      Level
   a - Corona                         Hexes                        1
   b - Ensorcelled Hibernation        Hexes/Ice                    2
   c - Confuse                        Hexes                        3
   d - Tukima's Dance                 Hexes                        3
   e - Dazzling Spray                 Conjuration/Hexes            3
 L - a Young Poisoner's Handbook

   Spells                             Type                      Level
   a - Sting                          Conjuration/Poison           1
   b - Poisonous Vapours              Poison/Air                   2
   c - Mephitic Cloud                 Conjuration/Poison/Air       3
   d - Olgreb's Toxic Radiance        Poison                       4
   e - Venom Bolt                     Conjuration/Poison           5
 Q - a book of Transfigurations

   Spells                             Type                      Level
   a - Irradiate                      Conjuration/Transmutation    5
   b - Statue Form                    Transmutation/Earth          6
   c - Hydra Form                     Transmutation                6
   d - Dragon Form                    Transmutation                7
Miscellaneous
 O - a crystal ball of energy
Comestibles
 d - 6 bread rations
 k - 5 fruits


   Skills:
 - Level 6.0 Fighting
 - Level 6.5 Short Blades
 - Level 8.5 Dodging
 - Level 9.0 Stealth
 * Level 8.1 Spellcasting
 + Level 2.9 Conjurations
 - Level 5.2 Hexes
 - Level 2.3 Ice Magic
 + Level 3.3 Air Magic
 - Level 3.8 Earth Magic
 + Level 3.7 Poison Magic


You had one spell level left.
You knew the following spells:

 Your Spells              Type           Power        Failure   Level  Hunger
a - Corona                Hex            #####..      1%          1    None
b - Ensorcelled Hibernat  Hex/Ice        #####.       2%          2    None
c - Confuse               Hex            #####...     2%          3    None
d - Tukima's Dance        Hex            #####...     2%          3    None
e - Dazzling Spray        Conj/Hex       #####.       1%          3    None
f - Sandblast             Erth           #####.       1%          1    None
g - Searing Ray           Conj           ####..       1%          2    None
h - Mephitic Cloud        Conj/Pois/Air  ######..     1%          3    None
i - Olgreb's Toxic Radia  Pois           #####...     4%          4    ###....
j - Poisonous Vapours     Pois/Air       ######       2%          2    None


Dungeon Overview and Level Annotations

Branches:
Dungeon (10/15)            Temple (1/1) D:5             Orc (0/2) D:10
   Lair: D:8-11

Altars:
Ashenzari
Cheibriados
Dithmenos
Elyvilon
Fedhas
Gozag
Hepliaklqana
Kikubaaqudgha
Makhleb
Nemelex Xobeh
Qazlal
Ru
Sif Muna
Trog
Uskayaw
Vehumet
Wu Jian
Xom
Yredelemnul
Zin
The Shining One

Shops:
D:9 [

Annotations:
D:4 Oozefury's ghost, amateur MfMo


Innate Abilities, Weirdness & Mutations

You are very small and have problems with some larger weapons.
You are too small for most types of armour.
You have supernaturally acute eyesight. (SInv)
You are a herbivore.
You cover ground extremely quickly.
You need consume almost no food.


Message History

You finish channeling your searing ray.
The gargoyle barely misses you.
Your mace hits the gargoyle but does no damage.
The gargoyle misses you.
Casting: Searing Ray
Confirm with . or Enter, or press ? or * to list all spells.
Aiming: Searing Ray
Press: ? - help, Shift-Dir - straight line, f/p - gargoyle
Aim: a gargoyle (severely damaged)
You feel a surge of power!
The searing ray hits the gargoyle.
The gargoyle is severely damaged. (Press . to maintain the ray.)
Your mace hits the gargoyle.
The gargoyle hurls a stone arrow at you.
The stone arrow hits you!
* * * LOW HITPOINT WARNING * * *
The searing ray hits the gargoyle.
The gargoyle is severely damaged.
The gargoyle hurls a stone arrow at you.
The stone arrow hits you!
You die...

#.# #....###................
#.# #....#...............#.#
#.# #....#........###.#)....
#.# #....#.#.......##.#.##.#
##.####...#.#..#######.#.#...
#.....'...+..............#..#
##.####...#.#..........#....#
##.########.#9.......#.#.##.#
#...........@(..............c
###########.#...####....o....
#............+........#
#.....#......#........#
#.....#....>.+.........
#.....#......#........#
#.....#...##..........#
#........(.........#..#
#.....(...########.#..#


You could see a gargoyle and a friendly mace.

Vanquished Creatures
  The ghost of torrenera the Cleaver, a novice HOFi (D:8)
  Pikel (D:5)
  A deep elf mage (D:9)
  2 hippogriffs
  A wyvern (D:9)
  A steam dragon (D:7)
  4 wargs (D:9)
  A water moccasin (D:7)
  3 sky beasts
  3 ice beasts
  3 black bears (D:9)
  3 orc warriors
  6 ogres
  A necrophage (D:10)
  A phantom (D:9)
  3 centaurs
  Blork the orc (D:4)
  4 bullfrogs
  5 scorpions
  7 killer bees
  An oklob sapling (D:5)
  2 wights (D:8)
  A crimson imp (D:9)
  4 hounds
  A quasit (D:10)
  2 centaur zombies
  Crazy Yiuf (D:2)
  8 orc priests
  2 jellies
  2 bullfrog skeletons
  Terence (D:2)
  2 iguanas
  7 orc wizards
  2 worker ants
  A hound zombie (D:8)
  A hound skeleton (D:6)
  2 worker ant zombies
  3 gnolls (D:4)
  6 adders
  2 shadow imps
  An ooze (D:4)
  An adder zombie (D:8)
  An adder skeleton (D:7)
  A worm (D:2)
  2 leopard geckos
  28 orcs
  3 giant cockroaches
  9 goblins
  12 hobgoblins
  11 jackals
  2 quokkas
  7 bats
  4 frilled lizards
  A jackal zombie (D:7)
  8 kobolds
  A leopard gecko skeleton (D:7)
  6 rats
  3 plants
204 creatures vanquished.

Vanquished Creatures (collateral kills)
  An orc warrior (D:7)
  2 wights (D:8)
  A gnoll (D:4)
  4 orcs
8 creatures vanquished.

Vanquished Creatures (others)
  4 dancing weapons
  A hound (D:5)
  5 fungi (D:10)
10 creatures vanquished.

Grand Total: 222 creatures vanquished

Notes
Turn   | Place    | Note
-------+----------+-------------------------------------------
     0 | D:1      | zero the Spriggan Enchanter began the quest for the Orb.
     0 | D:1      | Reached XP level 1. HP: 9/9 MP: 5/5
   275 | D:1      | Reached XP level 2. HP: 11/13 MP: 3/6
   325 | D:1      | Learned a level 2 spell: Ensorcelled Hibernation
   676 | D:1      | Reached skill level 5 in Stealth
  1311 | D:2      | Found a sacrificial altar of Ru.
  1349 | D:2      | Reached XP level 3. HP: 13/17 MP: 8/8
  1360 | D:2      | Learned a level 3 spell: Confuse
  1919 | D:2      | Found a runed door.
  2026 | D:2      | Found a shimmering altar of Xom.
  2039 | D:2      | Noticed Terence
  2046 | D:2      | Killed Terence
  2046 | D:2      | Reached XP level 4. HP: 11/21 MP: 3/10
  2576 | D:2      | Noticed Crazy Yiuf
  2581 | D:2      | Killed Crazy Yiuf
  2758 | D:3      | Learned a level 3 spell: Tukima's Dance
  2834 | D:3      | Reached XP level 5. HP: 24/25 MP: 5/12
  3239 | D:3      | Found a hide-covered altar of Uskayaw.
  3284 | D:3      | Reached skill level 1 in Ice Magic
  3537 | D:4      | Noticed an ogre
  3566 | D:4      | Killed an ogre
  3566 | D:4      | Reached XP level 6. HP: 29/29 MP: 2/14
  3728 | D:4      | Learned a level 3 spell: Dazzling Spray
  3815 | D:4      | Noticed Oozefury's ghost (amateur MfMo)
  3957 | D:4      | Noticed Blork the orc
  3961 | D:4      | Killed Blork the orc
  3961 | D:4      | Reached skill level 5 in Hexes
  4404 | D:4      | Reached skill level 1 in Fighting
  4720 | D:4      | Reached skill level 5 in Spellcasting
  4887 | D:4      | Reached XP level 7. HP: 34/34 MP: 3/15
  5081 | D:5      | Entered Level 5 of the Dungeon
  5432 | D:5      | Reached skill level 6 in Stealth
  5462 | D:5      | Found a staircase to the Ecumenical Temple.
  5553 | Temple   | Entered the Ecumenical Temple
  5832 | D:5      | Noticed Pikel
  6228 | D:5      | Killed Pikel
  6228 | D:5      | Reached skill level 5 in Dodging
  6228 | D:5      | Reached skill level 7 in Stealth
  6228 | D:5      | Reached XP level 8. HP: 30/40 MP: 11/16
  6305 | D:5      | Identified a scroll of acquirement
  6712 | D:5      | Found a deep blue altar of Sif Muna.
  6915 | D:6      | Found a radiant altar of Vehumet.
  6920 | D:6      | Became a worshipper of Vehumet
  7608 | D:6      | Found an ornate altar of the Wu Jian Council.
  7959 | D:6      | Found a hazy altar of Hepliaklqana.
  8050 | D:6      | Found a stormy altar of Qazlal.
  8236 | D:7      | Noticed a hippogriff
  8240 | D:7      | Killed a hippogriff
  8240 | D:7      | Reached skill level 8 in Stealth
  8291 | D:7      | Reached skill level 5 in Short Blades
  8737 | D:7      | Reached skill level 5 in Fighting
  8958 | D:7      | Reached XP level 9. HP: 47/47 MP: 17/17
  9269 | D:6      | Reached skill level 9 in Stealth
  9387 | D:7      | Reached * piety under Vehumet
  9387 | D:7      | Offered knowledge of Sandblast by Vehumet.
  9392 | D:7      | Learned a level 1 spell: Sandblast
 10241 | D:8      | Reached skill level 1 in Earth Magic
 10650 | D:8      | Found a shadowy altar of Dithmenos.
 10651 | D:8      | Found a basalt altar of Yredelemnul.
 10666 | D:8      | Found a blossoming altar of Fedhas.
 10990 | D:8      | Noticed torrenera's ghost (novice HOFi)
 11025 | D:8      | Killed torrenera's ghost
 11579 | D:9      | Noticed a deep elf mage
 11587 | D:9      | Killed a deep elf mage
 11587 | D:9      | Reached XP level 10. HP: 53/53 MP: 21/21
 11937 | D:9      | Got a scorched pewter ring
 11961 | D:9      | Found Wauw's Antique Armour Emporium.
 11972 | D:9      | Bought a runed buckler for 262 gold pieces
 11992 | D:9      | Reached ** piety under Vehumet
 11992 | D:9      | Offered knowledge of Searing Ray by Vehumet.
 12024 | D:9      | Learned a level 2 spell: Searing Ray
 12071 | D:9      | Learned a level 3 spell: Mephitic Cloud
 12107 | D:9      | Got a bloodstained dagger {antimagic}
 12108 | D:9      | Identified the cursed +1 dagger of Layphoza {antimagic, Dex+5} (You found it on level 9 of the Dungeon)
 12413 | D:9      | Reached skill level 1 in Conjurations
 12413 | D:9      | Reached skill level 1 in Poison Magic
 12428 | D:9      | Reached skill level 1 in Air Magic
 12539 | D:9      | Identified the ring "Gaizoqiuq" {rPois Str+2 Int-3 Dex+7} (You found it on level 9 of the Dungeon)
 12812 | D:10     | Entered Level 10 of the Dungeon
 13638 | D:10     | Found a staircase to the Orcish Mines.
 13655 | D:9      | Offered knowledge of Throw Flame by Vehumet.
 14327 | D:9      | Learned a level 4 spell: Olgreb's Toxic Radiance
 14330 | D:9      | Learned a level 2 spell: Poisonous Vapours
 15273 | D:10     | Reached *** piety under Vehumet
 15287 | D:10     | Noticed a gargoyle
 15470 | D:10     | Killed from afar by a gargoyle

Vault maps used:
D:1:      minmay_arrival_three_doors, minmay_tromino_i2
D:2:      xom_teletrap_fun, nicolae_ru_awakened_eye, uniq_crazy_yiuf_cottage,
          uniq_terence
D:3:      marbit_many_paths
D:4:      first_bread, uniq_blork_the_orc
D:5:      led_sif_pool, minmay_temple_entry_oklob, uniq_pikel
D:6:      kennysheep_little_box, nicolae_overflow_hidden_temple,
          lemuel_round_altar, grunt_qazlal_clouds
D:7:      serial_glass, glass_columns_b, glass_columns_b, serial_bayou_lagoon_a,
          grunt_ogre_cave
D:8:      grunt_temple_overflow_open, fedhas_altar_1
D:9:      serial_shops, shop, serial_park_tiny_pond
D:10:     grunt_lair_entry_orc_guard_hut, minmay_orc_entry_guard_dogs
Temple:   jpeg_temple_alley_garden

Skill      XL: |  1  2  3  4  5  6  7  8  9 10 |
---------------+-------------------------------+-----
Spellcasting   | 3 4 5 7 8 |  8.1
Stealth        | 5 7 8 9 |  9.0
Short Blades   | 2 4 5 6 |  6.5
Hexes          | 4 5 |  5.2
Ice Magic      | 1 2 |  2.3
Fighting       | 1 3 5 6 |  6.0
Dodging        | 5 6 8 |  8.5
Earth Magic    | 3 |  3.8
Conjurations   | 2 |  2.9
Poison Magic   | 3 |  3.7
Air Magic      | 3 |  3.3

Action                   |  1- 3 |  4- 6 |  7- 9 | 10-12 || total
-------------------------+-------+-------+-------+-------++-------
Melee: Dagger            |   160 |    94 |   325 |   267 ||   846
       Staff             |       |       |       |    33 ||    33
 Cast: Corona            |    22 |     5 |    11 |    17 ||    55
       Ensorcelled Hiber |     6 |    27 |    41 |    31 ||   105
       Tukima's Dance    |       |     8 |    26 |     9 ||    43
       Confuse           |       |       |     5 |     7 ||    12
       Sandblast         |       |       |     4 |    10 ||    14
       Searing Ray       |       |       |       |     7 ||     7
       Mephitic Cloud    |       |       |       |     4 ||     4
       Dazzling Spray    |       |       |       |     3 ||     3
       Poisonous Vapours |       |       |       |     2 ||     2
  Use: Potion            |     2 |       |       |       ||     2
       Scroll            |       |       |    19 |     3 ||    22
 Stab: Sleeping          |    16 |    19 |    34 |    22 ||    91
       Confused          |       |       |     5 |     6 ||    11
       Distracted        |       |       |     1 |     2 ||     3
  Eat: Fruit             |       |     1 |       |       ||     1
       Royal jelly       |       |     1 |     4 |     2 ||     7
Armor: Robe              |    30 |     7 |    17 |    32 ||    86
Dodge: Dodged            |   161 |    72 |   189 |   351 ||   773
Block: Other             |       |       |    11 |     6 ||    17
       Buckler           |       |       |       |   192 ||   192
       Reflection        |       |       |       |     5 ||     5

Table legend:
 A = Spawn XP
 B = Non-spawn XP
 C = Spawn XP percentage of total XP
 D = Spawn monster count
 E = Non-spawn monster count
 F = Spawn count percentage of total count
 G = Total turns spent on level
                    A         B        C        D         E        F      G
               +---------+---------+-------+---------+---------+-------+---------
         Total |       0 |    9783 |   0.0 |       0 |     209 |   0.0 | 15470
               +---------+---------+-------+---------+---------+-------+---------
           D:1 |       0 |      37 |   0.0 |       0 |      22 |   0.0 |  1228
           D:2 |       0 |     140 |   0.0 |       0 |      24 |   0.0 |  1454
           D:3 |       0 |      81 |   0.0 |       0 |      19 |   0.0 |  1081
           D:4 |       0 |     518 |   0.0 |       0 |      18 |   0.0 |  1900
           D:5 |       0 |     882 |   0.0 |       0 |      10 |   0.0 |  1101
           D:6 |       0 |     610 |   0.0 |       0 |      14 |   0.0 |  2190
           D:7 |       0 |    1193 |   0.0 |       0 |      20 |   0.0 |  1030
           D:8 |       0 |    1650 |   0.0 |       0 |      19 |   0.0 |  1303
           D:9 |       0 |    3535 |   0.0 |       0 |      47 |   0.0 |  2942
          D:10 |       0 |    1137 |   0.0 |       0 |      16 |   0.0 |  1015
               +---------+---------+-------+---------+---------+-------+---------
